 Dungeon Crawl Stone Soup version 0.18-a0-796-g4b90cf5 (webtiles) character file.

100 Proton the Cudgeler (level 4, 0/49 HPs)
             Began as an Ogre Fighter on Dec 14, 2015.
             Slain by an orc wizard
             ... wielding a +0 dagger
              (4 damage)
             ... on level 3 of the Dungeon.
             The game lasted 00:03:20 (1729 turns).

Proton the Cudgeler (Ogre Fighter)                  Turns: 1729, Time: 00:03:20

Health: 0/49       AC:  3    Str: 22    XL:     4   Next: 74%
Magic:  4/4        EV:  8    Int:  7    God:
Gold:   159        SH:  8    Dex:  9    Spells: 0 memorised, 3 levels left

rFire  . . .     SeeInvis .     a - +0 flail
rCold  . . .     Clarity  .     b - +0 robe
rNeg   . . .     SustAt   .     c - +0 shield
rPois  .         Gourm    .     (helmet restricted)
rElec  .         Spirit   .     (no cloak)
rCorr  .         Dismiss  .     (gloves unavailable)
rMut   .         Stasis   .     (boots unavailable)
MR     .....                    (no amulet)
Stlth  +.........               (no ring)
                                (no ring)

@: not resistant to hostile enchantments, very unstealthy
A: unfitting armour, tough skin 1
a: no special abilities


You were on level 3 of the Dungeon.
You were very hungry.

You visited 1 branch of the dungeon, and saw 3 of its levels.

You collected 159 gold pieces.

Inventory:

Hand Weapons
 a - a +0 flail (weapon)
Armour
 b - a +0 robe (worn)
 c - a +0 shield (worn)
Scrolls
 e - 2 scrolls of immolation {unknown}
 g - 4 scrolls of teleportation {unknown}
 h - 2 scrolls of remove curse {unknown}
 i - a scroll of blinking {unknown}
 j - 6 scrolls of identify {unknown}
 m - a scroll of amnesia {unknown}
 o - a scroll of enchant weapon {unknown}
Potions
 d - 2 potions of might
 k - 2 potions of flight {unknown}
 l - a potion of invisibility {unknown}
 n - 3 potions of agility {unknown}
 p - a potion of haste {unknown}
 q - a potion of brilliance {unknown}
Comestibles
 f - 2 bread rations
 r - a beef jerky


   Skills:
 + Level 4.6 Fighting
 * Level 5.2 Maces & Flails
 + Level 3.2 Dodging
 - Level 2.6 Shields


You had 3 spell levels left.
You didn't know any spells.

Dungeon Overview and Level Annotations

Branches:
Dungeon (3/15)

Altars:
Gozag
Pakellas


Innate Abilities, Weirdness & Mutations

You are too large for most types of armour.
You have tough skin (AC +1).


Message History

The orc wizard hits you but does no damage.
You block the orc wizard's attack.
You completely miss the orc wizard.
The orc wizard hits you but does no damage.
The orc wizard barely misses you.
You closely miss the orc wizard. The orc wizard closely misses you.
You closely miss the orc wizard. The orc wizard barely misses you.
The orc wizard hits you with a dagger.
You hit the orc wizard.
The orc wizard is moderately wounded.
The orc wizard barely misses you. The orc wizard casts a spell at you.
The puff of flame hits you!
* * * LOW HITPOINT WARNING * * *
You hit the orc wizard but do no damage.
The orc wizard is moderately wounded.
The orc wizard hits you with a dagger.
* * * LOW HITPOINT WARNING * * *
The orc wizard hits you with a dagger.
You die...

..)......####.#.%#.######
#.
..######........###.....#
#. ..# #.#..#.####.## #.
..# #.#.#.## #..# #. #.#
#)#.#.######.## #. #)#
#...$.#...#...# #. ..#
###...#...#...#.# #. .##
#.......#...#)).# #. .#
#.##.)@###.###.#######.
.# #.
#...o#...#.(........ .#
......#...#...#..#####.
.# ##.##....#...#(..## #.
.# # #.#.###.###.## #. .#
#....#...#...# ###. .#
...#...#...#.# ##.#.
.####### .#.
......#...###.#.#
........
##..........>###.


You could see an orc wizard.

Vanquished Creatures
  3 adders
  An ooze (D:1)
  A worm (D:3)
  3 giant geckos
  8 orcs (D:3)
  7 bats
  A giant cockroach (D:2)
  7 hobgoblins
  6 kobolds
  A ball python (D:1)
  A giant newt (D:1)
  8 goblins
  7 rats
  A bush (D:1)
55 creatures vanquished.

Notes
Turn   | Place    | Note
--------------------------------------------------------------
     0 | D:1      | Proton the Ogre Fighter began the quest for the Orb.
     0 | D:1      | Reached XP level 1. HP: 24/24 MP: 1/1
   299 | D:1      | Reached XP level 2. HP: 32/32 MP: 2/2
   774 | D:1      | Reached XP level 3. HP: 38/40 MP: 3/3
   886 | D:2      | Found an opulent altar of Gozag.
  1020 | D:2      | Found an oddly glowing altar of Pakellas.
  1137 | D:2      | Reached XP level 4. HP: 30/49 MP: 4/4
  1428 | D:3      | Reached skill level 5 in Maces & Flails
  1729 | D:3      | Slain by an orc wizard

Vault maps used:
D:1:      scummos_arrival_star, minmay_hedge_maze, minivault_24
D:2:      nicolae_gozag_seed_capital, grunt_pakellas_sulfur, first_bread
D:3:      kennysheep_goblin_castle, minmay_misc_feat_four_crosses,
          hangedman_glass_teeth, uniq_robin, uniq_sigmund

Action                   |  1- 3 |  4- 6 || total
-------------------------+-------+-------++-------
Melee: Flail             |   186 |    72 ||   258
  Eat: Royal jelly       |       |     1 ||     1
